 Dungeon Crawl Stone Soup version 0.17.1-1-g73c8601 (webtiles) character file.

347 Jetien the Chopper (level 6, -1/55 HPs)
             Began as a Hill Orc Berserker on Dec 25, 2015.
             Was a Priest of Trog.
             Killed from afar by an orc wizard (9 damage)
             ... with a puff of frost
             ... on level 5 of the Dungeon.
             The game lasted 00:30:34 (3877 turns).

Jetien the Chopper (Hill Orc Berserker)             Turns: 3877, Time: 00:30:34

Health: -1/55      AC:  9    Str: 22    XL:     6   Next: 59%
Magic:  6/6        EV: 11    Int:  7    God:    Trog [***...]
Gold:   33         SH:  0    Dex: 10    Spells: 0 memorised, 5 levels left

rFire  + . .     SeeInvis .     a - +0 hand axe
rCold  . . .     Clarity  .     v - +0 scale mail
rNeg   . . .     SustAt   +     (no shield)
rPois  .         Gourm    .     (no helmet)
rElec  .         Spirit   .     f - +0 cloak {MR+}
rCorr  .         Warding  .     u - +0 pair of gloves
rMut   .         Stasis   .     (no boots)
MR     +....                    (no amulet)
Stlth  ..........               q - ring of sustain attributes
                                i - ring of protection from fire

@: somewhat resistant to hostile enchantments, extremely unstealthy
A: no striking features
a: Berserk, Trog's Hand, Burn Spellbooks, Renounce Religion


You were on level 5 of the Dungeon.
You worshipped Trog.
Trog was most pleased with you.
You were not hungry.

You visited 1 branch of the dungeon, and saw 5 of its levels.

You collected 148 gold pieces.
You spent 115 gold pieces at shops.

Inventory:

Hand Weapons
 a - a +0 hand axe (weapon)
 g - a +0 hunting sling
 h - a +0 dagger
 n - a +0 trident
Missiles
 b - 103 stones (quivered)
Armour
 f - a +0 cloak of magic resistance (worn)
 u - a +0 pair of gloves (worn)
 v - a +0 scale mail (worn)
Jewellery
 i - a ring of protection from fire (left hand)
 q - a ring of sustain attributes (right hand)
Wands
 l - a wand of polymorph (13)
Scrolls
 d - 2 scrolls of fog {unknown}
 e - 2 scrolls of recharging
 j - 2 scrolls of remove curse
 o - a scroll of amnesia
 r - 2 scrolls of random uselessness {unknown}
 s - a scroll of teleportation
 t - a scroll of enchant armour {unknown}
Comestibles
 c - 3 bread rations
 m - 4 fruits
 p - 2 beef jerkies


   Skills:
 + Level 4.9 Fighting
 + Level 5.4 Axes
 + Level 0.5 Throwing
 + Level 4.5 Armour
 + Level 3.2 Dodging


You had 5 spell levels left.
You didn't know any spells.

Dungeon Overview and Level Annotations

Branches:
Dungeon (5/15)
 Temple: D:4-7

Altars:
Trog

Shops:
D:5 ?

Annotations:
D:4 karlm's ghost, amateur GrFi


Message History

The iguana is severely wounded.
The iguana closely misses you.
You slash the iguana!
You kill the iguana!
Trog accepts your kill.
You hit the ogre.
The ogre is lightly wounded.
The ogre hits you with a giant spiked club!
Throwing (i - inventory):
b - 104 stones (quivered)
Press: ? - help, Shift-Dir - straight line, f - ogre
Aim: an ogre, wielding a giant spiked club (lightly wounded)
You throw a stone.
The stone hits the ogre but does no damage.
The ogre is lightly wounded.
The ogre hits you with a giant spiked club!!
Ouch! That really hurt!
* * * LOW HITPOINT WARNING * * *
A puff of frost appears from out of thin air!
The puff of frost hits you!
You die...

....... .. . ....... ###.#
.. ####.## #...## ...
....... #....#.. ####.##
#..... .
####.############.#.##....
...∩......................
###..############.#.##....
##.# ###...@.#.... .
###.#### #.............
#......# #....O..........
#.#.##Z# #...............
#.#.##.# ###.#####.#.....
# #.##.# #S# .#.####
#.##Z# #(# .# . #.##.# #{#
...#.# #(.


You could see an ogre and an adder.

Vanquished Creatures
  A phantom (D:4)
  An iguana (D:5)
  Terence (D:2)
  2 worker ants (D:4)
  2 hound skeletons
  A worker ant zombie (D:5)
  6 adders
  An ooze (D:1)
  2 giant geckos
  3 orcs
  2 ball pythons
  6 bats
  3 giant cockroaches
  7 hobgoblins
  8 jackals
  3 kobolds
  A quokka (D:2)
  6 giant newts
  5 goblins
  8 rats
69 creatures vanquished.

Notes
Turn   | Place    | Note
--------------------------------------------------------------
     0 | D:1      | Jetien the Hill Orc Berserker began the quest for the Orb.
     0 | D:1      | Reached XP level 1. HP: 19/19 MP: 1/1
   106 | D:1      | Reached XP level 2. HP: 18/27 MP: 2/2
   227 | D:2      | Noticed Terence
   475 | D:1      | Reached ** piety under Trog
   553 | D:2      | Reached XP level 3. HP: 33/33 MP: 3/3
  1136 | D:2      | Killed Terence
  1136 | D:2      | Reached XP level 4. HP: 41/41 MP: 4/4
  2331 | D:4      | Found a bloodstained altar of Trog.
  2671 | D:2      | Reached XP level 5. HP: 5/47 MP: 5/5
  3136 | D:4      | You fall through a shaft!
  3136 | D:5      | Entered Level 5 of the Dungeon
  3168 | D:5      | Found Reogra's Magic Scroll Shop.
  3173 | D:5      | Bought a scroll of teleportation for 33 gold pieces
  3173 | D:5      | Bought a scroll of fear for 38 gold pieces
  3173 | D:5      | Bought a scroll of identify for 22 gold pieces
  3189 | D:4      | Noticed karlm's ghost (amateur GrFi)
  3224 | D:4      | Reached *** piety under Trog
  3470 | D:4      | Reached skill level 5 in Axes
  3600 | D:4      | Noticed a phantom
  3631 | D:4      | Killed a phantom
  3631 | D:4      | Reached XP level 6. HP: 55/55 MP: 6/6
  3807 | D:5      | Bought a scroll of identify for 22 gold pieces
  3843 | D:5      | Noticed an ogre
  3877 | D:5      | Killed from afar by an orc wizard

Action                   |  1- 3 |  4- 6 || total
-------------------------+-------+-------++-------
Melee: Hand axe          |   130 |   203 ||   333
       Unarmed           |    12 |       ||    12
Throw: Stone             |     3 |    25 ||    28
  Use: Scroll            |     3 |     6 ||     9
       Potion            |       |     2 ||     2
  Eat: Meat ration       |     1 |       ||     1
       Bread ration      |       |     1 ||     1
